Map: 2000 Atmospheres LE

Players

Nina

  • Race: Protoss Protoss
  • League: Grandmaster

ByuN - Winner!

  • Race: Terran Terran

Event: DreamHack SC2 Masters Last Chance 2022

VOD

Have the link to the VOD?

Description

Time

  • Played on: Dec. 19, 2021, 8:17 p.m.
  • Length: 10:28

All games in this series

Show
View Real Time Build Order
Export as new Build Order

Nina Protoss 

Build Orders: 1 Gate Expand, Blink Stalkers, Colossus Rush 

Get SALT Encoding   

  12  0:00  Probe  
  13  0:12  Probe  
  14  0:17  Pylon  
  14  0:24  Probe (Chrono Boost)  
  15  0:36  Gateway, Probe (Chrono Boost)  
  16  0:45  Probe (Chrono Boost)  
  16  0:47  Assimilator  
  17  0:51  Probe  
  18  1:03  Probe  
  19  1:15  Probe  
  20  1:23  Cybernetics Core  
  20  1:32  Nexus  
  20  1:38  Pylon  
  20  1:40  Probe  
  21  1:47  Assimilator  
  21  1:52  Probe (Chrono Boost)  
  22  1:59  Stalker (Chrono Boost)  
  24  2:05  Probe (Chrono Boost)  
  24  2:08  Warp Gate  
  25  2:12  Probe (Chrono Boost)  
  26  2:19  Probe  
  27  2:26  Stalker (Chrono Boost)  
  28  2:31  Probe  
  29  2:43  Probe (Chrono Boost)  
  31  2:48  Probe (Chrono Boost)  
  31  2:50  Twilight Council  
  31  2:52  Adept  
  31  2:55  Probe (Chrono Boost)  
  31  2:58  Probe (Chrono Boost)  
  36  3:08  Probe x2 (Chrono Boost)  
  36  3:10  Pylon  
  37  3:15  Shield Battery  
  37  3:18  Gateway  
  39  3:20  Probe (Chrono Boost)  
  39  3:21  Probe (Chrono Boost)  
  39  3:24  Probe (Chrono Boost)  
  40  3:29  Probe  
  40  3:31  Robotics Facility  
  41  3:35  Blink  
  41  3:38  Probe  
  42  3:44  Probe  
  42  3:45  Assimilator  
  43  3:50  Probe  
  43  3:56  Probe  
  43  3:59  Stalker  
  43  4:02  Probe (Chrono Boost)  
  47  4:06  Pylon  
  48  4:11  Pylon  
  48  4:13  Probe (Chrono Boost)  
  48  4:14  Probe (Chrono Boost)  
  48  4:15  Stalker  
  51  4:19  Observer  
  51  4:21  Probe (Chrono Boost)  
  51  4:22  Probe (Chrono Boost)  
  54  4:24  Assimilator  
  54  4:25  Pylon  
  54  4:30  Robotics Bay  
  54  4:38  Probe  
  55  4:42  Probe  
  54  4:46  Stalker  
  54  4:50  Observer (Chrono Boost)  
  54  4:51  Stalker  
  54  4:52  Probe  
  60  4:55  Pylon  
  60  4:57  Probe  
  61  5:04  Immortal (Chrono Boost)  
  61  5:06  Probe  
  66  5:18  Stalker, Nexus  
  68  5:25  Pylon  
  68  5:31  Stalker  
  68  5:34  Colossus (Chrono Boost)  
  70  5:40  Pylon  
  76  5:43  Gateway  
  76  5:44  Gateway  
  76  5:47  Gateway  
  76  5:48  Sentry  
  78  5:52  Gateway  
  78  5:55  Charge  
  78  5:59  Sentry  
  78  6:01  Gateway  
  80  6:07  Gateway, Probe  
  80  6:09  Probe  
  82  6:12  Sentry  
  84  6:19  Colossus (Chrono Boost)  
  84  6:25  Zealot  
  92  6:29  Pylon  
  92  6:30  Probe x2  
  92  6:40  Stalker  
  92  6:41  Stalker  
  92  6:42  Probe  
  96  6:49  Observer  
  96  6:51  Probe  
  96  6:55  Probe, Forge  
  96  7:00  Probe  
  98  7:03  Extended Thermal Lance  
  98  7:06  Zealot x2  
  101  7:17  Zealot x3  
  101  7:20  Probe x2  
  101  7:21  Shield Battery  
  109  7:27  Zealot x2  
  109  7:29  Probe  
  113  7:35  Photon Cannon  
  113  7:36  Probe x2  
  112  7:43  Protoss Ground Weapons Level 1 (Chrono Boost)  
  112  7:45  Templar Archives  
  112  7:48  Zealot  
  112  7:50  Zealot  
  116  7:51  Probe  
  116  7:52  Probe  
  116  7:58  Photon Cannon, Probe  
  119  8:02  Stalker  
  119  8:04  Probe  
  122  8:11  Probe  
  123  8:14  Zealot  
  123  8:17  Pylon x2  
  123  8:18  Psionic Storm  
  123  8:19  Probe, Pylon  
  125  8:35  Probe x3, Pylon  
  125  8:36  Assimilator  
  125  8:38  Warp Prism (Chrono Boost)  
  125  8:39  High Templar x2  
  132  8:46  Assimilator  
  132  8:47  Probe  
  135  8:52  Zealot  
  135  8:55  Shield Battery  
  131  8:57  Zealot x3  
  131  8:58  Zealot  
  139  9:07  Probe  
  134  9:13  Zealot x2  
  134  9:14  Zealot x2  
  140  9:22  Zealot x4  
  118  9:35  Zealot x3  
  118  9:37  Zealot  
  100  9:41  Probe  
  100  9:42  High Templar x2  
  100  9:45  High Templar  
  107  9:50  Archon  
  107  9:54  Shield Battery  
  107  9:56  Zealot  
  107  9:57  Zealot  
  111  10:02  Zealot x2  
  111  10:04  Nexus  
  111  10:05  Zealot  
  68  10:21  Zealot  
  68  10:22  Zealot  
Show
View Real Time Build Order
Export as new Build Order

ByuN Terran - Winner!

Build Orders: Reaper Expand 

Get SALT Encoding   

  12  0:01  SCV  
  13  0:13  SCV  
  14  0:16  Supply Depot  
  14  0:25  SCV  
  15  0:38  SCV, Barracks  
  15  0:42  Refinery  
  16  0:50  SCV  
  17  1:02  SCV  
  18  1:14  SCV  
  19  1:25  Reaper  
  20  1:27  Orbital Command  
  20  1:46  Command Center  
  20  1:53  Supply Depot, SCV  
  21  1:57  Marine  
  22  2:07  Factory  
  22  2:10  SCV  
  23  2:19  Barracks Reactor, Refinery  
  23  2:22  SCV  
  24  2:34  SCV  
  25  2:46  SCV  
  26  2:51  Starport  
  26  2:56  Widow Mine  
  28  2:59  Marine x2  
  28  3:00  Orbital Command  
  28  3:01  SCV  
  31  3:13  SCV  
  31  3:16  Bunker, Marine  
  31  3:17  Widow Mine, Marine  
  36  3:25  SCV x2  
  38  3:28  Medivac  
  40  3:35  Supply Depot  
  40  3:36  Marine x2  
  40  3:37  SCV  
  40  3:38  SCV  
  40  3:39  Factory Tech Lab  
  44  3:49  SCV  
  44  3:50  SCV  
  45  3:56  Marine x2  
  45  4:01  SCV  
  45  4:02  SCV  
  49  4:04  Barracks  
  49  4:06  Factory Tech Lab  
  49  4:07  Supply Depot  
  49  4:08  Raven  
  51  4:13  SCV  
  51  4:14  SCV  
  51  4:16  Refinery  
  53  4:17  Marine  
  54  4:25  Supply Depot  
  54  4:28  SCV x2, Siege Tank, Marine  
  59  4:40  SCV x2  
  61  4:49  Supply Depot, Marine x2  
  65  4:52  SCV x2  
  65  4:55  Barracks  
  65  4:56  Refinery  
  65  5:00  Siege Tank  
  65  5:05  SCV x2  
  70  5:07  Stimpack  
  70  5:11  Marauder, Supply Depot  
  72  5:15  Marine x2  
  72  5:16  Engineering Bay  
  72  5:17  SCV x2  
  76  5:24  Starport Reactor  
  76  5:29  SCV x2  
  76  5:34  Supply Depot  
  78  5:36  Marine x2  
  78  5:37  Marauder, Siege Tank  
  78  5:41  SCV  
  78  5:42  Barracks Tech Lab  
  86  5:43  Terran Infantry Weapons Level 1  
  86  5:44  Supply Depot  
  86  5:55  Marine x2  
  86  5:56  SCV  
  89  6:02  Supply Depot  
  89  6:03  Supply Depot  
  91  6:04  Combat Shield  
  91  6:05  Marauder x2  
  95  6:14  Medivac x2  
  95  6:17  Command Center  
  97  6:22  Marine x2  
  99  6:27  Supply Depot  
  99  6:29  Marauder  
  99  6:30  Marauder  
  101  6:42  Barracks  
  101  6:44  Barracks  
  101  6:53  Marauder x2, Marine x2  
  101  6:54  Siege Tank  
  108  6:59  Medivac, Concussive Shells  
  110  7:02  Medivac  
  110  7:07  Supply Depot  
  112  7:09  SCV x2  
  113  7:18  Marine  
  113  7:19  Marauder x2, Marine  
  118  7:26  SCV x2  
  120  7:37  Barracks Tech Lab  
  120  7:38  Barracks Reactor, Terran Infantry Armor Level 1  
  120  7:40  Marauder x2  
  120  7:41  Supply Depot, SCV x2  
  126  7:51  Marine x2  
  126  7:52  Siege Tank  
  126  7:53  SCV x2  
  133  8:00  Marauder, SCV  
  133  8:01  Marine  
  133  8:05  SCV  
  138  8:06  SCV  
  140  8:14  Marauder  
  140  8:17  Supply Depot  
  140  8:18  Orbital Command  
  140  8:19  Marauder  
  145  8:21  Marauder  
  145  8:24  Marine x3  
  145  8:25  Marine  
  145  8:26  Siege Tank  
  152  8:28  SCV x2  
  152  8:32  Refinery x2  
  154  8:40  SCV  
  155  8:50  Marauder x3  
  155  8:52  Marine x4  
  155  8:54  Ghost Academy  
  165  8:57  Medivac  
  165  9:01  Medivac  
  162  9:10  Marine  
  162  9:11  Marauder  
  162  9:16  Marauder  
  165  9:23  Supply Depot, Command Center  
  165  9:26  Marine x2  
  165  9:27  Marine  
  165  9:30  Marine  
  164  9:31  Marauder  
  164  9:32  Marauder  
  164  9:37  Marauder  
  161  9:39  Viking  
  161  9:40  SCV x2  
  161  9:44  SCV, Marine  
  161  9:45  Supply Depot  
  167  9:46  Marine x2  
  167  9:48  Marine  
  167  9:52  Marauder  
  172  9:57  Supply Depot x2, Barracks  
  169  10:00  Barracks  
  169  10:01  Marauder x2  
  169  10:03  Barracks  
  169  10:06  Marine x3  

Tags
 
Add a new tag
Caveats
  • Supply blocks, unpowered buildings, or Contaminate may cause inaccurate times.
  • Supply counts are checked every 10 seconds.